AoeStats
← kimboy9420

Arena

509850573Analyzed
2v2 RM · 3d ago on Sep 28, 2026· 59m 12s· 4 players
Game mode
Random Map
Map size
Medium (4 player)
Population
200
Speed
Normal
Resources
Standard
Victory
Conquest
Starting age
Dark Age
Ending age
Imperial Age
RankedLock teamsTeams togetherTeam positionsShared explorationLock speedFull tech treeHidden civsTurbo modeCheats
Victory
Defeat
🇮🇹 Bohemians · Italy
1037
+13
🇮🇹 Franks · Italy
1037
+13
🇹🇼 Mongols · Taiwan
1018
-14
🇹🇼 Byzantines · Taiwan
936
-37
BlueWolf
7:47 Loom
10:57 Feudal Age
13:22 Double-Bit Axe
16:28 Castle Age
14:24 Fletching
15:29 Horse Collar
17:05 Bodkin Arrow
17:22 Bow Saw
20:21 Stone Mining
32:33 Imperial Age
32:11 Wheelbarrow
32:02 Light Cavalry
33:30 Bloodlines
33:20 Husbandry
33:35 Forging
33:30 Scale Barding Armor
33:35 Heavy Plow
34:05 Town Watch
34:37 Hand Cart
34:49 Gold Mining
37:32 Hussar
40:03 Drill
40:32 Town Patrol
43:33 Onager
46:32 Iron Casting
46:17 Chain Barding Armor
46:35 Elite Skirmisher
47:22 Thumb Ring
49:06 Padded Archer Armor
49:07 Bracer
52:37 Blast Furnace
kimboy9420
12:02 Feudal Age
12:25 Horse Collar
12:56 Double-Bit Axe
16:27 Wheelbarrow
21:35 Castle Age
20:49 Forging
21:38 Light Cavalry
22:21 Husbandry
23:51 Gold Mining
25:54 Loom
28:04 Fervor
30:43 Bow Saw
31:31 Iron Casting
31:02 Scale Barding Armor
30:23 Pikeman
32:35 Scale Mail Armor
33:54 Sanctity
34:37 Chain Mail Armor
34:26 Squires
34:04 Crossbowman
35:25 Heavy Plow
41:49 Imperial Age
42:15 Hand Cart
42:58 Conscription
42:27 Cavalier
44:30 Thumb Ring
43:46 Arbalester
45:42 Crop Rotation
45:55 Plate Mail Armor
45:46 Chain Barding Armor
46:07 Hussar
50:36 Fletching
51:22 Plate Barding Armor
50:48 Padded Archer Armor
53:06 Halberdier
55:20 Leather Archer Armor
55:00 Bodkin Arrow
54:30 Paladin
GibbyPompiere
11:19 Feudal Age
9:36 Loom
11:56 Double-Bit Axe
17:17 Castle Age
18:12 Bow Saw
22:23 Gold Mining
30:54 Imperial Age
27:53 Elite Skirmisher
29:58 Padded Archer Armor
29:49 Fletching
31:50 Pikeman
32:47 Halberdier
34:51 Forging
34:42 Scale Mail Armor
35:00 Leather Archer Armor
38:30 Iron Casting
38:44 Ballistics
41:44 Chemistry
43:57 Blast Furnace
43:13 Chain Mail Armor
42:54 Bodkin Arrow
44:34 Gold Shaft Mining
43:50 Stone Mining
44:31 Murder Holes
44:49 Fortified Wall
battsimo99
11:29 Feudal Age
11:10 Loom
13:19 Double-Bit Axe
16:42 Castle Age
15:35 Horse Collar
24:41 Imperial Age
22:43 Bow Saw
30:14 Elite Skirmisher
33:15 Padded Archer Armor
33:05 Fletching
33:56 Wheelbarrow
34:51 Conscription
35:56 Chemistry
35:50 Scale Mail Armor
36:00 Forging
36:15 Pikeman
36:55 Squires
38:15 Chain Mail Armor
38:35 Iron Casting
39:36 Squires
40:06 Halberdier
44:43 Plate Mail Armor
45:15 Blast Furnace
45:37 Fervor
49:44 Hand Cart
50:46 Houfnice
Connection lost

Rejoining the realm…

Still unreachable

The connection could not be restored.

Session expired

The server has moved on; the page needs a fresh start.